 Dungeon Crawl Stone Soup version 0.12.2-22-g286eab9 (webtiles) character file.

334 Gabry the Covered (level 5, -2/46 HPs)
             Began as a Minotaur Fighter on Aug 26, 2013.
             Slain by a scorpion (7 damage)
             ... on Level 4 of the Dungeon.
             The game lasted 00:16:15 (2716 turns).

Gabry the Covered (Minotaur Fighter)                Turns: 2716, Time: 00:16:15

HP  -2/46        AC 12     Str 21      XL: 5   Next: 15%
MP   1/1         EV  3     Int 10      God:
Gold 178         SH 19     Dex  9 (10) Spells:  0 memorised,  4 levels left

Res.Fire  : . . .   See Invis. : .   m - +1,+0 elf whip
Res.Cold  : . . .   Warding    : .   n - +0 plate armour
Life Prot.: . . .   Conserve   : .   c - +0 shield
Res.Poison: .       Res.Corr.  : .   (helmet restricted)
Res.Elec. : .       Clarity    : .   (no cloak)
Sust.Abil.: . .     Spirit.Shd : .   (no gloves)
Res.Mut.  : .       Stasis     : .   (no boots)
Res.Rott. : .       Ctrl.Telep.: .   (no amulet)
Saprovore : . . .   Flight     : .   (no ring)
                                     (no ring)

@: brilliant, mildly poisoned, slightly resistant to hostile enchantments,
extremely unstealthy
A: retaliatory headbutt, horns 2
a: no special abilities


You were on level 4 of the Dungeon.
You were not hungry.

You visited 1 branch of the dungeon, and saw 4 of its levels.

You collected 158 gold pieces.

Inventory:

Hand weapons
 a - a +0,+0 mace
 f - a +1,+0 dagger
 k - a +1,+0 elven dagger (quivered)
 m - a +1,+0 elven whip (weapon)
Armour
 b - a +0 scale mail
 c - a +0 shield (worn)
 n - a +0 plate armour (worn)
Magical devices
 w - a wand of lightning (6) {unknown}
Comestibles
 d - a bread ration
 z - 14 grapes
Scrolls
 e - 6 scrolls of remove curse
 h - a scroll of magic mapping {unknown}
 i - 6 scrolls of identify
 j - 2 scrolls of teleportation {unknown}
 q - a scroll of enchant weapon I {unknown}
 x - a scroll of curse jewellery {unknown}
Potions
 g - a potion of cure mutation {unknown}
 l - a potion of resistance {unknown}
 o - a potion of gain intelligence {unknown}
 p - a potion of brilliance
 r - a potion of heal wounds {unknown}
 s - a potion of poison {unknown}
 t - a potion of curing
 u - a potion of confusion {unknown}


   Skills:
 + Level 4.1 Fighting
 + Level 3.1 Maces & Flails
 + Level 4.9 Armour
 + Level 1.9 Dodging
 + Level 0.1 Stealth
 + Level 4.8 Shields
 + Level 0.4 Traps


You had 4 spell levels left.
You didn't know any spells.

Dungeon Overview and Level Annotations

Branches:
Dungeon (4/27)
 Temple: D:4-7

Altars:

Shops:
D:4: =

Annotations
D:4 Edmund, Eustachio


Innate Abilities, Weirdness & Mutations

You reflexively headbutt those who attack you in melee.
You have a pair of horns on your head.


Message History

Edmund hits you with a dire flail. You block the kobold's attack.
The orc hits you but does no damage.
The scorpion stings you but does no damage.
You hit the scorpion but do no damage.
The scorpion is lightly wounded.
Edmund hits you with a dire flail.
Eustachio mumbles some strange words.
The kobold hits you but does no damage. The orc hits you but does no damage.
The scorpion stings you.
You are poisoned.
The scorpion poisons you!
You hit the scorpion but do no damage. You headbutt the scorpion.
The scorpion is moderately wounded.
* * * LOW HITPOINT WARNING * * *
You feel sick. Edmund hits you with a dire flail.
* * * LOW HITPOINT WARNING * * *
The kobold hits you but does no damage. The scorpion stings you.
* * * LOW HITPOINT WARNING * * *
The scorpion stings you!
You die...

# #. #. ## #. ..
#.#. ### ... ...
##.##.####.
#...........
#.s@...$....
#.###.@##.####.#
#...ooK# ..
#####lo# ##
#rb######
#br.....#
##o####.#
##o#### #.@5..#
.


You could see Edmund, Eustachio, an iguana, a scorpion, 5 orcs, 2 bats, a kobold
and 2 rats.

Vanquished Creatures
  A crimson imp (D:4)
  A worker ant (D:4)
  3 adders
  A lemure (D:4)
  2 giant mites
  A worm (D:3)
  2 ufetubi (D:4)
  3 grey rats (D:4)
  A giant gecko (D:3)
  3 oozes
  4 orcs
  7 bats
  4 giant cockroaches
  14 hobgoblins
  8 jackals
  8 quokkas
  A ball python (D:1)
  4 giant newts
  9 goblins
  5 kobolds
  8 rats
  4 plants (D:1)
94 creatures vanquished.

Vanquished Creatures (others)
  A hobgoblin (D:1)
1 creature vanquished.

Grand Total: 95 creatures vanquished

Notes
Turn   | Place    | Note
--------------------------------------------------------------
     0 | D:1      | Gabry, the Minotaur Fighter, began the quest for the Orb.
     0 | D:1      | Reached XP level 1. HP: 19/19 MP: 0/0
   230 | D:1      | Reached XP level 2. HP: 19/26 MP: 0/0
   241 | D:1      | Reached skill level 4 in Armour
   771 | D:1      | Reached XP level 3. HP: 33/33 MP: 1/1
   898 | D:2      | Reached skill level 1 in Dodging
  1310 | D:2      | Reached XP level 4. HP: 30/40 MP: 1/1
  2430 | D:4      | Found Joczab's Jewellery Boutique.
  2440 | D:4      | Reached XP level 5. HP: 44/46 MP: 1/1
  2543 | D:4      | Noticed Eustachio
  2659 | D:4      | Noticed Edmund
  2716 | D:4      | Slain by a scorpion

Action                   |  1- 3 |  4- 6 || total
-------------------------+-------+-------++-------
Melee: Mace              |   236 |    50 ||   286
       Whip              |       |   170 ||   170
  Use: Scroll            |       |     2 ||     2
       Potion            |       |     2 ||     2
